| TOP OF THE 1ST |
|
Texas (APP) Rangers batting - Pitching for Oakland (APP) Athletics : RHP Jaime Sanchez
|
|
Pitching: RHP Jaime Sanchez
|
|
|
Batting: SHB Tim Rogers
|
0-0: Called Strike 0-1: Foul Ball, location: 2F 0-2: Ball 1-2: Ball 2-2: SINGLE (Flyball, 9LS, EV 90.6 MPH) - OUT at second base trying to stretch hit.
|
|
Batting: RHB Ryan Salas
|
0-0: Ball 1-0: Foul Ball, location: 2F 1-1: Ball 2-1: Ball 3-1: Called Strike 3-2: SINGLE (Groundball, 34D, EV 101.9 MPH)
|
|
Batting: LHB Alex Rivera
|
0-0: Ball 1-0: Called Strike 1-1: Ball 2-1: Foul Ball, location: 2F 2-2: Ball 3-2: Base on Balls Ryan Salas to second
|
|
Batting: RHB Ron Squires
|
0-0: Ball 1-0: Fly out, F4 (Line Drive, 4, EV 67.5 MPH) Lined into DP, 4-6 (Line Drive, 4, EV 62.5 MPH)
|
| Top of the 1st over - 0 runs, 2 hits, 0 errors, 1 left on base; Texas (APP) 0 - Oakland (APP) 0 |
| BOTTOM OF THE 1ST |
|
Oakland (APP) Athletics batting - Pitching for Texas (APP) Rangers : RHP Rick Madden
|
|
Pitching: RHP Rick Madden
|
|
|
Batting: LHB Diego Vega
|
0-0: Called Strike 0-1: Fly out, F8 (Flyball, 8LXD, EV 109.4 MPH)
|
|
Batting: RHB Gabe Secundino
|
0-0: Ball 1-0: Ball 2-0: Reached on error, E5 (Groundball, 56S, EV 69.4 MPH)
|
|
Batting: RHB Phoctor Dill
|
0-0: Ball 1-0: Ball 2-0: Fly out, F8 (Flyball, 8RXD, EV 97.5 MPH)
|
|
Batting: LHB Ben Landry
|
0-0: Called Strike 0-1: Ball 1-1: Ball 2-1: Ball 3-1: Foul Ball, location: 2F 3-2: Strikes out looking
|
| Bottom of the 1st over - 0 runs, 0 hits, 1 error, 1 left on base; Texas (APP) 0 - Oakland (APP) 0 |
| TOP OF THE 2ND |
|
Texas (APP) Rangers batting - Pitching for Oakland (APP) Athletics : RHP Jaime Sanchez
|
|
Batting: RHB Robert Topete
|
0-0: Called Strike 0-1: Swinging Strike 0-2: Strikes out swinging
|
|
Batting: RHB Josh Shoemaker
|
0-0: Foul Ball, location: 2F 0-1: Ball 1-1: Ball 2-1: Ground out 6-3 (Groundball, 6, EV 100.6 MPH)
|
|
Batting: RHB Torsten Fisher
|
0-0: Called Strike 0-1: Swinging Strike 0-2: Hit by Pitch
|
|
Batting: RHB Pat Martin
|
0-0: Swinging Strike 0-1: Ball 1-1: Called Strike 1-2: Foul Ball, location: 2F 1-2: Ball 2-2: Foul Ball, location: 2F 2-2: Foul Ball, location: 2F 2-2: Strikes out swinging wild pitch, reaches first! Torsten Fisher to second
|
|
Batting: SHB Tyler Romo
|
0-0: Ball 1-0: Ball 2-0: Ball 3-0: Base on Balls Torsten Fisher to third Pat Martin to second
|
|
Batting: SHB Tim Rogers
|
0-0: Ball 1-0: SINGLE (Groundball, 34D, EV 100.6 MPH) Torsten Fisher scores Pat Martin to third Tyler Romo to second Runner from 3rd tries for Home, SAFE, throw by RF to home
|
|
Batting: RHB Ryan Salas
|
0-0: Ball 1-0: Foul Ball, location: 2F 1-1: Called Strike 1-2: Foul Ball, location: 2F 1-2: Strikes out swinging
|
| Top of the 2nd over - 2 runs, 1 hit, 0 errors, 2 left on base; Texas (APP) 2 - Oakland (APP) 0 |
| BOTTOM OF THE 2ND |
|
Oakland (APP) Athletics batting - Pitching for Texas (APP) Rangers : RHP Rick Madden
|
|
Batting: RHB Pete Goerge
|
0-0: Called Strike 0-1: Ball 1-1: Ground out 6-3 (Groundball, 6, EV 91.9 MPH)
|
|
Batting: RHB Toyohiko Nakajima
|
0-0: Ball 1-0: Ball 2-0: Swinging Strike 2-1: Foul Ball, location: 2F 2-2: Ball 3-2: Ground out 5-3 (Groundball, 5S, EV 80.6 MPH)
|
|
Batting: SHB Raul Herrera
|
0-0: Called Strike 0-1: Foul Ball, location: 2F 0-2: Ball 1-2: Ball 2-2: SINGLE (Groundball, 56D, EV 107.5 MPH)
|
|
Batting: LHB Bryan Hodensack
|
0-0: Ball 1-0: Ball 2-0: Foul Ball, location: 2F 2-1: Swinging Strike 2-2: Strikes out swinging
|
| Bottom of the 2nd over - 0 runs, 1 hit, 0 errors, 1 left on base; Texas (APP) 2 - Oakland (APP) 0 |
| TOP OF THE 3RD |
|
Texas (APP) Rangers batting - Pitching for Oakland (APP) Athletics : RHP Jaime Sanchez
|
|
Batting: LHB Alex Rivera
|
0-0: Called Strike 0-1: Called Strike 0-2: Ball 1-2: Foul Ball, location: 2F 1-2: Foul Ball, location: 2F 1-2: Ball 2-2: DOUBLE (Groundball, 3L, EV 95.0 MPH)
|
|
Batting: RHB Ron Squires
|
0-0: Called Strike 0-1: Ball 1-1: Ball 2-1: Ball 3-1: Ground out 5-3 (Groundball, 15, EV 78.8 MPH)
|
|
Batting: RHB Robert Topete
|
0-0: Ball Wild Pitch! Alex Rivera to third 1-0: Called Strike 1-1: SINGLE (Groundball, 6MD, EV 96.2 MPH) (infield hit) Alex Rivera scores
|
|
Batting: RHB Josh Shoemaker
|
0-0: Ball 1-0: Ball 2-0: Ball 3-0: Called Strike 3-1: Base on Balls Robert Topete to second
|
|
Batting: RHB Torsten Fisher
|
0-0: Ball 1-0: Ball 2-0: Called Strike 2-1: Called Strike 2-2: Foul Ball, location: 2F 2-2: Grounds into double play, 5-4-3 (Groundball, 56, EV 105.0 MPH)
|
| Top of the 3rd over - 1 run, 2 hits, 0 errors, 1 left on base; Texas (APP) 3 - Oakland (APP) 0 |
| BOTTOM OF THE 3RD |
|
Oakland (APP) Athletics batting - Pitching for Texas (APP) Rangers : RHP Rick Madden
|
|
Batting: RHB Colin Edwards
|
0-0: SINGLE (Line Drive, 78S, EV 110.6 MPH)
|
|
Batting: LHB Diego Vega
|
0-0: Fielders Choice at 2nd, 1-4 (Groundball, 25, EV 65.0 MPH)
|
|
Batting: RHB Gabe Secundino
|
0-0: Ball 1-0: Called Strike 1-1: Ball 2-1: Foul Ball, location: 2F 2-2: Strikes out swinging
|
|
Batting: RHB Phoctor Dill
|
0-0: Ball 1-0: Called Strike 1-1: Foul Ball, location: 2F 1-2: Fielders Choice at 2nd, 6-4 (Groundball, 56D, EV 83.1 MPH)
|
| Bottom of the 3rd over - 0 runs, 1 hit, 0 errors, 1 left on base; Texas (APP) 3 - Oakland (APP) 0 |
| TOP OF THE 4TH |
|
Texas (APP) Rangers batting - Pitching for Oakland (APP) Athletics : RHP Jaime Sanchez
|
|
Batting: RHB Pat Martin
|
0-0: Fly out, F7 (Flyball, 78M, EV 93.1 MPH)
|
|
Batting: SHB Tyler Romo
|
0-0: Fly out, F8 (Line Drive, 8RM, EV 100.6 MPH)
|
|
Batting: SHB Tim Rogers
|
0-0: Foul Ball, location: 2F 0-1: SOLO HOME RUN (Flyball, 9D, EV 95.0 MPH), Distance : 347 ft
|
|
Batting: RHB Ryan Salas
|
0-0: Ball 1-0: Foul Ball, location: 2F 1-1: Foul Ball, location: 2F 1-2: Ground out 4-3 (Groundball, 4S, EV 73.1 MPH)
|
| Top of the 4th over - 1 run, 1 hit, 0 errors, 0 left on base; Texas (APP) 4 - Oakland (APP) 0 |
| BOTTOM OF THE 4TH |
|
Oakland (APP) Athletics batting - Pitching for Texas (APP) Rangers : RHP Rick Madden
|
|
Batting: LHB Ben Landry
|
0-0: Called Strike 0-1: Swinging Strike 0-2: Strikes out swinging
|
|
Batting: RHB Pete Goerge
|
0-0: Ball 1-0: Called Strike 1-1: Ground out 6-3 (Groundball, 6, EV 86.2 MPH)
|
|
Batting: RHB Toyohiko Nakajima
|
0-0: Ball 1-0: Swinging Strike 1-1: Called Strike 1-2: Foul Ball, location: 2F 1-2: Strikes out swinging
|
| Bottom of the 4th over - 0 runs, 0 hits, 0 errors, 0 left on base; Texas (APP) 4 - Oakland (APP) 0 |
| TOP OF THE 5TH |
|
Texas (APP) Rangers batting - Pitching for Oakland (APP) Athletics : RHP Jaime Sanchez
|
|
Batting: LHB Alex Rivera
|
0-0: Ball 1-0: Ball 2-0: Ball 3-0: Base on Balls
|
|
Batting: RHB Ron Squires
|
0-0: Foul Ball, location: 2F 0-1: SINGLE (Line Drive, 6MD, EV 99.4 MPH) Alex Rivera to second
|
|
Batting: RHB Robert Topete
|
0-0: Called Strike 0-1: Foul Ball, location: 2F 0-2: Strikes out swinging
|
|
DELAY
|
Rain delay of 52 minutes in the 5th inning.
|
|
Pitching: RHP Jason Palmer
|
|
|
Batting: RHB Josh Shoemaker
|
0-0: Foul Ball, location: 2F 0-1: Foul Ball, location: 2F 0-2: Ball 1-2: Strikes out swinging
|
|
Batting: RHB Torsten Fisher
|
0-0: 3-RUN HOME RUN (Flyball, 7D, EV 103.8 MPH), Distance : 384 ft
|
|
Batting: RHB Pat Martin
|
0-0: Ball 1-0: Swinging Strike 1-1: Called Strike 1-2: Ball 2-2: Strikes out looking
|
| Top of the 5th over - 3 runs, 2 hits, 0 errors, 0 left on base; Texas (APP) 7 - Oakland (APP) 0 |
| BOTTOM OF THE 5TH |
|
Oakland (APP) Athletics batting - Pitching for Texas (APP) Rangers : RHP Rick Madden
|
|
Batting: SHB Raul Herrera
|
0-0: Ball 1-0: Foul Ball, location: 2F 1-1: Called Strike 1-2: Strikes out swinging
|
|
Batting: LHB Bryan Hodensack
|
0-0: Called Strike 0-1: Ground out U3 (Groundball, 34, EV 102.5 MPH)
|
|
Batting: RHB Colin Edwards
|
0-0: Ground out 3-1 (Groundball, 34S, EV 70.6 MPH)
|
| Bottom of the 5th over - 0 runs, 0 hits, 0 errors, 0 left on base; Texas (APP) 7 - Oakland (APP) 0 |
| TOP OF THE 6TH |
|
Texas (APP) Rangers batting - Pitching for Oakland (APP) Athletics : RHP Jason Palmer
|
|
Batting: SHB Tyler Romo
|
0-0: Ball 1-0: Ball 2-0: Called Strike 2-1: Foul Ball, location: 2F 2-2: Foul Ball, location: 2F 2-2: Foul Ball, location: 2F 2-2: Ball 3-2: Fly out, F4 (Line Drive, 4, EV 66.2 MPH)
|
|
Batting: SHB Tim Rogers
|
0-0: Ball 1-0: Called Strike 1-1: Ground out 5-3 (Groundball, 5, EV 100.0 MPH)
|
|
Batting: RHB Ryan Salas
|
0-0: SOLO HOME RUN (Flyball, 78XD, EV 104.4 MPH), Distance : 426 ft
|
|
Batting: LHB Alex Rivera
|
0-0: Ground out U3 (Groundball, 13, EV 78.8 MPH)
|
| Top of the 6th over - 1 run, 1 hit, 0 errors, 0 left on base; Texas (APP) 8 - Oakland (APP) 0 |
| BOTTOM OF THE 6TH |
|
Oakland (APP) Athletics batting - Pitching for Texas (APP) Rangers : RHP Rick Madden
|
|
Batting: LHB Diego Vega
|
0-0: Called Strike 0-1: Called Strike 0-2: Ball 1-2: Strikes out swinging
|
|
Batting: RHB Gabe Secundino
|
0-0: Called Strike 0-1: Ground out 4-3 (Groundball, 4, EV 80.0 MPH)
|
|
Batting: RHB Phoctor Dill
|
0-0: Ball 1-0: Ball 2-0: Ground out 4-3 (Groundball, 4, EV 83.1 MPH)
|
| Bottom of the 6th over - 0 runs, 0 hits, 0 errors, 0 left on base; Texas (APP) 8 - Oakland (APP) 0 |
| TOP OF THE 7TH |
|
Texas (APP) Rangers batting - Pitching for Oakland (APP) Athletics : RHP Jason Palmer
|
|
Batting: RHB Ron Squires
|
0-0: Called Strike 0-1: SOLO HOME RUN (Flyball, 9D, EV 96.2 MPH), Distance : 345 ft
|
|
Batting: RHB Robert Topete
|
0-0: Ball 1-0: Ball 2-0: Called Strike 2-1: Foul Ball, location: 2F 2-2: Strikes out swinging
|
|
Pitching: RHP Albie Cisneros
|
|
|
Batting: RHB Josh Shoemaker
|
0-0: Called Strike 0-1: Foul Ball, location: 2F 0-2: Foul Ball, location: 2F 0-2: SINGLE (Line Drive, 9S, EV 91.2 MPH)
|
|
Batting: RHB Torsten Fisher
|
0-0: Ball 1-0: Ball 2-0: Foul Ball, location: 2F 2-1: Ball 3-1: Foul Ball, location: 2F 3-2: Grounds into double play, 6-4-3 (Groundball, 6, EV 84.4 MPH)
|
| Top of the 7th over - 1 run, 2 hits, 0 errors, 0 left on base; Texas (APP) 9 - Oakland (APP) 0 |
| BOTTOM OF THE 7TH |
|
Oakland (APP) Athletics batting - Pitching for Texas (APP) Rangers : RHP Rick Madden
|
|
Batting: LHB Ben Landry
|
0-0: Ball 1-0: Ball 2-0: SINGLE (Line Drive, 9LS, EV 93.1 MPH)
|
|
Pitching: RHP Jose Vela
|
|
|
Pinch Hitting: RHB Matt Aston
|
0-0: Called Strike 0-1: Called Strike 0-2: Fly out, F8 (Flyball, 8LXD, EV 98.8 MPH)
|
|
Batting: RHB Toyohiko Nakajima
|
0-0: Called Strike 0-1: Foul Ball, location: 2F 0-2: Strikes out swinging
|
|
Batting: SHB Raul Herrera
|
0-0: Ball 1-0: Ball 2-0: Called Strike 2-1: Fly out, F8 (Flyball, 8LD, EV 101.9 MPH)
|
| Bottom of the 7th over - 0 runs, 1 hit, 0 errors, 1 left on base; Texas (APP) 9 - Oakland (APP) 0 |
| TOP OF THE 8TH |
|
Texas (APP) Rangers batting - Pitching for Oakland (APP) Athletics : RHP Albie Cisneros
|
|
Now at 1B: Matt Aston
|
|
|
Batting: RHB Pat Martin
|
0-0: Ball 1-0: Ball 2-0: Swinging Strike 2-1: Ball 3-1: Called Strike 3-2: Strikes out looking
|
|
Batting: SHB Tyler Romo
|
0-0: Called Strike 0-1: Called Strike 0-2: Ball 1-2: SINGLE (Groundball, 34, EV 108.1 MPH)
|
|
Batting: SHB Tim Rogers
|
0-0: Ball 1-0: Foul Ball, location: 2F 1-1: Foul Ball, location: 2F 1-2: Foul Ball, location: 2F 1-2: Ball Wild Pitch! Tyler Romo to second 2-2: Ball 3-2: Base on Balls
|
|
Batting: RHB Ryan Salas
|
0-0: Called Strike 0-1: Ball Wild Pitch! Tyler Romo to third Tim Rogers to second 1-1: Ground out 6-3 (Groundball, 6, EV 90.6 MPH) Tyler Romo scores Tim Rogers to third
|
|
Pitching: LHP Logan Stewart
|
|
|
Batting: LHB Alex Rivera
|
0-0: Swinging Strike 0-1: Ball 1-1: Foul Ball, location: 2F 1-2: Strikes out swinging
|
| Top of the 8th over - 1 run, 1 hit, 0 errors, 1 left on base; Texas (APP) 10 - Oakland (APP) 0 |
| BOTTOM OF THE 8TH |
|
Oakland (APP) Athletics batting - Pitching for Texas (APP) Rangers : RHP Jose Vela
|
|
Batting: LHB Bryan Hodensack
|
0-0: Ball 1-0: Foul Ball, location: 2F 1-1: Called Strike 1-2: Ball 2-2: Strikes out looking
|
|
Batting: RHB Colin Edwards
|
0-0: Called Strike 0-1: Foul Ball, location: 2F 0-2: Ball 1-2: Strikes out swinging
|
|
Batting: LHB Diego Vega
|
0-0: Ball 1-0: Ball 2-0: Called Strike 2-1: Foul Ball, location: 2F 2-2: Strikes out looking
|
| Bottom of the 8th over - 0 runs, 0 hits, 0 errors, 0 left on base; Texas (APP) 10 - Oakland (APP) 0 |
| TOP OF THE 9TH |
|
Texas (APP) Rangers batting - Pitching for Oakland (APP) Athletics : LHP Logan Stewart
|
|
Batting: RHB Ron Squires
|
0-0: Ground out 4-3 (Groundball, 4, EV 105.0 MPH)
|
|
Batting: RHB Robert Topete
|
0-0: Ball 1-0: Foul Ball, location: 2F 1-1: Foul Ball, location: 2F 1-2: TRIPLE (Flyball, 78XD, EV 90.6 MPH)
|
|
Batting: RHB Josh Shoemaker
|
0-0: Called Strike 0-1: Ball 1-1: Swinging Strike 1-2: Ball 2-2: Foul Ball, location: 2F 2-2: Foul Ball, location: 2F 2-2: Strikes out swinging
|
|
Batting: RHB Torsten Fisher
|
0-0: Called Strike 0-1: Called Strike 0-2: Ball 1-2: Ball 2-2: Strikes out looking
|
| Top of the 9th over - 0 runs, 1 hit, 0 errors, 1 left on base; Texas (APP) 10 - Oakland (APP) 0 |
| BOTTOM OF THE 9TH |
|
Oakland (APP) Athletics batting - Pitching for Texas (APP) Rangers : RHP Jose Vela
|
|
Batting: RHB Gabe Secundino
|
0-0: Called Strike 0-1: Ball 1-1: Swinging Strike 1-2: Fly out, F8 (Flyball, 8LXD, EV 94.4 MPH)
|
|
Batting: RHB Phoctor Dill
|
0-0: Called Strike 0-1: Ball 1-1: Ball 2-1: Foul Ball, location: 2F 2-2: Strikes out looking
|
|
Batting: LHB Ben Landry
|
0-0: Called Strike 0-1: Ball 1-1: Foul Ball, location: 2F 1-2: SINGLE (Flyball, 3D, EV 93.1 MPH)
|
|
Pinch Hitting: LHB Gil Ketterer
|
0-0: Ball 1-0: Foul Ball, location: 2F 1-1: Fly out, F8 (Flyball, 8LD, EV 90.0 MPH)
|
| Bottom of the 9th over - 0 runs, 1 hit, 0 errors, 1 left on base; Texas (APP) 10 - Oakland (APP) 0 |
|